Map: Lockdown LE

Players

SpearOfAdun - Winner!

  • Race: Terran Terran
  • League: Grandmaster

llllllllllll

  • Race: Protoss Protoss
  • League: Grandmaster

VOD

Have the link to the VOD?

Description

Time

  • Played on: Aug. 10, 2026, 2:48 p.m.
  • Length: 6:23
Show
View Real Time Build Order
Export as new Build Order

SpearOfAdun Terran - Winner!

Build Orders:  

Get SALT Encoding   

  8  0:00  SCV  
  9  0:12  SCV  
  10  0:24  SCV  
  10  0:27  Supply Depot  
  11  0:36  SCV  
  12  0:49  SCV  
  13  0:54  Barracks  
  13  1:00  Refinery  
  13  1:05  SCV  
  14  1:17  SCV  
  15  1:29  SCV  
  16  1:41  Marine  
  16  1:42  Orbital Command  
  17  1:55  Bunker  
  17  2:00  Barracks Reactor  
  17  2:06  Command Center  
  17  2:09  SCV  
  18  2:17  Supply Depot  
  18  2:21  SCV  
  19  2:30  Barracks  
  19  2:33  SCV  
  20  2:37  Marine  
  20  2:38  Marine  
  22  2:45  SCV  
  22  2:46  Barracks  
  23  2:56  Marine x2  
  23  2:57  SCV  
  26  3:09  SCV  
  27  3:14  Marine x2  
  27  3:18  Barracks Tech Lab  
  29  3:20  Orbital Command  
  29  3:28  SCV  
  29  3:31  Marine  
  29  3:32  Marine  
  33  3:35  Barracks Tech Lab  
  33  3:38  Marine  
  33  3:40  SCV  
  34  3:49  Stimpack  
  34  3:50  SCV  
  34  3:51  Supply Depot  
  34  3:52  Marine, SCV  
  34  3:54  Marine  
  38  3:56  Marine x2  
  41  4:02  SCV  
  41  4:04  SCV  
  42  4:12  Marine x2  
  42  4:13  Supply Depot, Marine  
  42  4:15  SCV  
  46  4:17  Combat Shield  
  46  4:18  Marine  
  46  4:19  SCV  
  46  4:21  Refinery  
  48  4:27  SCV, Supply Depot  
  48  4:30  Marine  
  50  4:34  Marine, SCV  
  50  4:36  Marauder  
  50  4:37  Marauder  
  56  4:39  SCV  
  56  4:43  Supply Depot  
  57  4:46  SCV  
  57  4:50  Marine  
  57  4:51  SCV  
  57  4:52  Marine  
  61  4:59  SCV, Marine x2  
  64  5:03  SCV  
  64  5:06  Factory  
  65  5:10  Engineering Bay  
  65  5:11  SCV  
  66  5:15  SCV  
  66  5:16  Supply Depot  
  66  5:17  Refinery  
  66  5:19  Marine, Marauder  
  70  5:23  SCV  
  70  5:26  Marauder  
  73  5:29  Concussive Shells  
  73  5:37  Marine  
  73  5:38  SCV  
  73  5:39  Marine  
  73  5:40  SCV  
  73  5:41  Marauder  
  74  5:50  SCV  
  74  5:56  Marine, Marauder  
  72  5:57  Marine, SCV  
Show
View Real Time Build Order
Export as new Build Order

llllllllllll Protoss 

Build Orders: Blink Stalkers 

Get SALT Encoding   

  8  0:00  Probe (Chrono Boost)  
  9  0:12  Probe (Chrono Boost)  
  10  0:18  Probe (Chrono Boost)  
  11  0:26  Probe  
  12  0:31  Pylon  
  12  0:39  Probe  
  13  0:51  Probe  
  13  0:54  Gateway  
  14  1:03  Probe (Chrono Boost)  
  15  1:05  Assimilator  
  15  1:12  Probe (Chrono Boost)  
  15  1:17  Probe (Chrono Boost)  
  17  1:29  Probe  
  18  1:41  Probe  
  18  1:42  Cybernetics Core  
  19  1:58  Nexus  
  19  2:05  Pylon  
  19  2:08  Probe  
  19  2:15  Assimilator  
  19  2:17  Adept (Chrono Boost)  
  21  2:23  Probe  
  21  2:27  Warp Gate  
  22  2:36  Probe  
  23  2:48  Probe  
  23  2:51  Twilight Council  
  24  2:59  Stalker  
  24  3:00  Probe  
  29  3:12  Probe (Chrono Boost)  
  29  3:15  Probe (Chrono Boost)  
  29  3:22  Blink (Chrono Boost)  
  29  3:24  Probe (Chrono Boost)  
  29  3:25  Gateway  
  31  3:28  Probe (Chrono Boost)  
  31  3:29  Probe (Chrono Boost)  
  32  3:36  Probe  
  32  3:39  Probe  
  33  3:48  Probe  
  33  3:51  Robotics Facility, Probe  
  34  3:56  Pylon  
  34  4:00  Probe  
  37  4:03  Probe  
  37  4:08  Pylon  
  38  4:12  Stalker  
  38  4:13  Stalker  
  38  4:15  Probe  
  38  4:16  Probe  
  42  4:22  Pylon  
  42  4:26  Stalker  
  42  4:28  Probe  
  42  4:29  Probe  
  46  4:33  Stalker  
  48  4:39  Observer  
  48  4:40  Probe  
  48  4:41  Probe  
  51  4:54  Nexus  
  51  4:56  Stalker  
  53  5:00  Stalker  
  55  5:08  Assimilator x2  
  55  5:10  Stalker  
  57  5:15  Stalker  
  59  5:22  Pylon  
  59  5:23  Pylon, Probe  
  59  5:24  Probe  
  59  5:26  Stalker  
  63  5:31  Stalker  
  65  5:36  Probe  
  65  5:40  Probe  
  65  5:41  Pylon  
  67  5:45  Stalker  
  67  5:46  Stalker  
Tags
 
Add a new tag
Caveats
  • Supply blocks, unpowered buildings, or Contaminate may cause inaccurate times.
  • Supply counts are checked every 10 seconds.